[ AOE2 MATCH · #506566666 ]
UnrankedVietnamese vs Malay
Rival team · LOSS
[ REPLAY ANALYSIS · EXTRACTED FROM THE RECORDED GAME ]
Feudal
9:21
Castle
27:12
Imperial
—
| APM avg | 88.0 |
| APM peak | 127 |
| eAPM avg | 29.7 |
| Villagers / military | 83 / 39 |
Focus
⚔️ 54.0% · 🌾 46.0%
Archer ×25 · Scout Cavalry ×8 · Skirmisher ×6
Feudal
8:08
Castle
20:53
Imperial
—
| APM avg | 57.7 |
| APM peak | 88 |
| eAPM avg | 19.0 |
| Villagers / military | 43 / 36 |
Focus
⚔️ 38.5% · 🌾 61.5%
Militia ×27 · Scorpion ×6 · Battering Ram ×3
Match map
Initial resources + every placement click. Lines = walls · curves = elevation contours. ◆ gold · ⬟ stone · ● berries · ✦ relic · ◌ wall gap
Your base· Open — 2t gap
Scruffles's base· Open — unwalled flank
Smoothed initial terrain · ◌ = detected wall gap · hover for details
Inputs per minute
— DS_Laura - - Scruffles
Build order — DS_Laura
First 150 of 195 actions detected
| 0:01 | Create | Villager (Male) |
| 0:01 | Create | Villager (Male) |
| 0:02 | Create | Villager (Male) |
| 0:02 | Create | Villager (Male) |
| 0:02 | Create | Villager (Male) |
| 0:04 | Build | House |
| 0:05 | Build | House |
| 1:25 | Create | Villager (Male) |
| 1:44 | Create | Villager (Male) |
| 1:44 | Create | Villager (Male) |
| 1:55 | Build | Lumber Camp |
| 2:07 | Create | Villager (Male) |
| 2:08 | Create | Villager (Male) |
| 2:30 | Create | Villager (Male) |
| 2:49 | Create | Villager (Male) |
| 2:49 | Create | Villager (Male) |
| 3:12 | Create | Villager (Male) |
| 3:40 | Create | Villager (Male) |
| 3:40 | Create | Villager (Male) |
| 3:41 | Create | Villager (Male) |
| 3:42 | Create | Villager (Male) |
| 3:52 | Build | House |
| 4:16 | Build | House |
| 4:20 | Create | Villager (Male) |
| 4:20 | Create | Villager (Male) |
| 4:21 | Create | Villager (Male) |
| 4:38 | Create | Villager (Male) |
| 4:38 | Create | Villager (Male) |
| 4:50 | Create | Villager (Male) |
| 5:25 | Build | Mill |
| 6:07 | Research | Loom |
| 7:11 | Research | Feudal Age |
| 8:13 | Create | Villager (Male) |
| 9:14 | Create | Villager (Male) |
| 9:19 | Build | Barracks |
| 9:21 | Age | Feudal Age |
| 9:29 | Create | Villager (Male) |
| 9:32 | Research | Wheelbarrow |
| 9:43 | Create | Villager (Male) |
| 9:44 | Build | House |
| 9:51 | Build | Palisade Wall |
| 9:51 | Create | Villager (Male) |
| 9:52 | Create | Villager (Male) |
| 9:53 | Create | Villager (Male) |
| 9:57 | Build | House |
| 10:00 | Create | Villager (Male) |
| 10:04 | Create | Villager (Male) |
| 10:24 | Create | Villager (Male) |
| 10:25 | Build | Archery Range |
| 10:27 | Create | Villager (Male) |
| 10:53 | Create | Villager (Male) |
| 11:22 | Create | Archer |
| 11:34 | Create | Villager (Male) |
| 11:34 | Create | Villager (Male) |
| 11:39 | Create | Villager (Male) |
| 12:07 | Research | Double-Bit Axe |
| 12:12 | Create | Skirmisher |
| 12:15 | Create | Villager (Male) |
| 12:16 | Create | Villager (Male) |
| 12:17 | Build | House |
| 12:17 | Build | House |
| 12:21 | Create | Skirmisher |
| 12:27 | Build | Watch Tower |
| 12:33 | Build | Watch Tower |
| 12:43 | Build | House |
| 12:52 | Create | Villager (Male) |
| 13:04 | Create | Skirmisher |
| 13:09 | Create | Villager (Male) |
| 13:21 | Create | Skirmisher |
| 13:33 | Create | Villager (Male) |
| 13:44 | Create | Villager (Male) |
| 13:49 | Build | Mining Camp |
| 14:02 | Create | Villager (Male) |
| 14:09 | Create | Villager (Male) |
| 14:20 | Create | Skirmisher |
| 14:47 | Build | Mill |
| 14:49 | Create | Skirmisher |
| 14:50 | Create | Villager (Male) |
| 14:51 | Create | Villager (Male) |
| 14:52 | Build | House |
| 14:53 | Build | House |
| 14:58 | Create | Archer |
| 14:59 | Create | Archer |
| 14:59 | Create | Archer |
| 15:22 | Build | Blacksmith |
| 15:28 | Create | Archer |
| 15:39 | Build | Palisade Wall |
| 16:09 | Build | Palisade Wall |
| 16:38 | Create | Archer |
| 16:43 | Create | Villager (Male) |
| 16:48 | Research | Fletching |
| 16:48 | Research | Fletching |
| 16:55 | Build | Mill |
| 17:09 | Create | Archer |
| 17:09 | Create | Archer |
| 17:19 | Create | Archer |
| 17:28 | Create | Archer |
| 17:32 | Build | Archery Range |
| 17:43 | Create | Archer |
| 17:48 | Build | Farm |
| 17:48 | Build | Farm |
| 17:50 | Build | Farm |
| 17:52 | Build | House |
| 17:54 | Build | Farm |
| 17:55 | Build | Farm |
| 18:06 | Create | Archer |
| 18:06 | Create | Archer |
| 18:17 | Build | Palisade Gate |
| 18:20 | Build | Palisade Gate |
| 18:34 | Build | Farm |
| 18:35 | Build | Farm |
| 18:44 | Create | Villager (Male) |
| 18:55 | Create | Archer |
| 19:19 | Create | Villager (Male) |
| 19:22 | Build | House |
| 19:25 | Build | Palisade Wall |
| 19:32 | Build | Market |
| 19:39 | Create | Archer |
| 19:45 | Create | Villager (Male) |
| 19:46 | Create | Archer |
| 19:47 | Create | Archer |
| 19:56 | Create | Villager (Male) |
| 20:04 | Build | Farm |
| 20:16 | Create | Villager (Male) |
| 20:17 | Create | Villager (Male) |
| 20:20 | Build | House |
| 20:34 | Create | Villager (Male) |
| 20:35 | Create | Archer |
| 20:42 | Build | Farm |
| 20:43 | Build | Farm |
| 20:49 | Create | Villager (Male) |
| 20:50 | Create | Villager (Male) |
| 20:53 | Build | Farm |
| 20:54 | Build | Farm |
| 20:54 | Build | Farm |
| 20:54 | Build | Farm |
| 20:54 | Build | Farm |
| 20:55 | Build | Farm |
| 20:55 | Build | Farm |
| 20:58 | Create | Archer |
| 21:03 | Create | Villager (Male) |
| 21:04 | Create | Villager (Male) |
| 21:05 | Create | Villager (Male) |
| 21:13 | Create | Villager (Male) |
| 21:13 | Create | Villager (Male) |
| 21:14 | Create | Villager (Male) |
| 21:15 | Build | House |
| 21:17 | Build | Palisade Wall |
| 21:22 | Build | House |
| 21:23 | Build | Palisade Wall |
Build order — Scruffles
130 actions detected in the replay
| 0:01 | Create | Villager (Male) |
| 0:04 | Build | House |
| 0:05 | Build | House |
| 0:15 | Create | Villager (Male) |
| 0:16 | Create | Villager (Male) |
| 0:16 | Create | Villager (Male) |
| 1:13 | Create | Villager (Male) |
| 2:03 | Create | Villager (Male) |
| 2:10 | Build | Lumber Camp |
| 2:30 | Create | Villager (Male) |
| 2:45 | Create | Villager (Male) |
| 3:05 | Create | Villager (Male) |
| 3:32 | Build | House |
| 3:38 | Create | Villager (Male) |
| 3:38 | Create | Villager (Male) |
| 3:38 | Create | Villager (Male) |
| 4:01 | Create | Villager (Male) |
| 4:01 | Create | Villager (Male) |
| 4:01 | Create | Villager (Male) |
| 4:12 | Create | Villager (Male) |
| 4:55 | Create | Villager (Male) |
| 5:39 | Research | Loom |
| 5:55 | Build | Mining Camp |
| 5:58 | Build | Palisade Wall |
| 6:00 | Build | Palisade Wall |
| 6:50 | Research | Feudal Age |
| 6:50 | Research | Feudal Age |
| 7:09 | Build | Barracks |
| 7:19 | Build | House |
| 7:42 | Create | Militia |
| 8:04 | Create | Militia |
| 8:08 | Age | Feudal Age |
| 8:13 | Create | Militia |
| 8:14 | Create | Villager (Male) |
| 8:49 | Research | Man-at-Arms (upgrade) |
| 8:57 | Build | Stone Wall |
| 9:03 | Create | Villager (Male) |
| 9:19 | Create | Militia |
| 9:24 | Build | House |
| 10:00 | Create | Militia |
| 10:21 | Create | Militia |
| 10:24 | Create | Villager (Male) |
| 10:51 | Build | Stone Wall |
| 10:52 | Create | Villager (Male) |
| 10:56 | Build | Mill |
| 11:18 | Create | Militia |
| 11:28 | Create | Villager (Male) |
| 11:39 | Build | Stone Wall |
| 11:43 | Build | House |
| 11:49 | Create | Villager (Male) |
| 12:30 | Create | Villager (Male) |
| 12:48 | Build | Stone Wall |
| 12:54 | Create | Villager (Male) |
| 12:54 | Create | Villager (Male) |
| 12:58 | Build | Farm |
| 12:58 | Build | Farm |
| 12:59 | Build | Farm |
| 13:00 | Build | Farm |
| 13:19 | Build | House |
| 13:41 | Create | Villager (Male) |
| 13:41 | Create | Villager (Male) |
| 14:04 | Create | Villager (Male) |
| 14:18 | Build | House |
| 14:54 | Build | House |
| 14:55 | Build | Market |
| 14:58 | Create | Militia |
| 15:00 | Create | Villager (Male) |
| 15:02 | Build | Farm |
| 15:37 | Create | Militia |
| 15:38 | Create | Militia |
| 15:52 | Build | House |
| 16:22 | Create | Villager (Male) |
| 16:23 | Create | Villager (Male) |
| 16:25 | Build | Blacksmith |
| 16:57 | Create | Villager (Male) |
| 16:59 | Build | Farm |
| 17:03 | Build | Mill |
| 17:36 | Create | Villager (Male) |
| 17:36 | Create | Villager (Male) |
| 17:46 | Build | Farm |
| 17:48 | Create | Villager (Male) |
| 17:59 | Build | House |
| 18:07 | Build | Outpost |
| 18:15 | Create | Villager (Male) |
| 18:19 | Build | Farm |
| 19:14 | Research | Castle Age |
| 19:15 | Research | Castle Age |
| 19:28 | Create | Militia |
| 19:28 | Create | Militia |
| 19:47 | Build | Outpost |
| 19:50 | Create | Militia |
| 20:10 | Create | Militia |
| 20:32 | Create | Militia |
| 20:47 | Create | Militia |
| 20:53 | Age | Castle Age |
| 20:58 | Build | Siege Workshop |
| 21:06 | Research | Long Swordsman (upgrade) |
| 21:06 | Research | Long Swordsman (upgrade) |
| 21:09 | Create | Villager (Male) |
| 21:24 | Build | Siege Workshop |
| 21:28 | Create | Villager (Male) |
| 21:41 | Create | Scorpion |
| 21:55 | Create | Militia |
| 21:56 | Create | Militia |
| 21:58 | Create | Villager (Male) |
| 22:08 | Create | Scorpion |
| 22:49 | Create | Scorpion |
| 23:07 | Research | Squires |
| 23:16 | Create | Scorpion |
| 23:23 | Create | Villager (Male) |
| 23:49 | Create | Scorpion |
| 23:58 | Create | Militia |
| 23:58 | Create | Militia |
| 24:13 | Create | Militia |
| 24:14 | Create | Militia |
| 24:14 | Create | Militia |
| 24:37 | Build | Mining Camp |
| 24:49 | Create | Battering Ram |
| 25:06 | Create | Villager (Male) |
| 25:07 | Create | Villager (Male) |
| 25:43 | Create | Battering Ram |
| 25:45 | Create | Militia |
| 25:45 | Create | Militia |
| 26:07 | Build | Outpost |
| 26:10 | Build | House |
| 26:28 | Create | Battering Ram |
| 26:29 | Create | Militia |
| 26:44 | Create | Militia |
| 27:01 | Build | Lumber Camp |
| 27:27 | Create | Scorpion |
Match timeline
| 5:58 | Scruffles · wall_segment Palisade Wall x1 |
| 6:00 | Scruffles · wall_segment Palisade Wall x1 |
| 7:09 | Scruffles · first_building Barracks |
| 8:08 | Scruffles · age_up feudal |
| 8:57 | Scruffles · wall_segment Stone Wall x11 |
| 9:19 | DS_Laura · first_building Barracks |
| 9:21 | DS_Laura · age_up feudal |
| 9:51 | DS_Laura · wall_segment Palisade Wall x1 |
| 10:25 | DS_Laura · first_building Archery Range |
| 10:51 | Scruffles · wall_segment Stone Wall x5 |
| 11:39 | Scruffles · wall_segment Stone Wall x10 |
| 12:48 | Scruffles · wall_segment Stone Wall x4 |
| 15:39 | DS_Laura · wall_segment Palisade Wall x2 |
| 16:09 | DS_Laura · wall_segment Palisade Wall x1 |
| 18:57 | Scruffles · first_market_buy 100 food |
| 19:02 | Scruffles · first_market_sell 100 wood |
| 19:25 | DS_Laura · wall_segment Palisade Wall x6 |
| 20:53 | Scruffles · age_up castle |
| 20:58 | Scruffles · first_building Siege Workshop |
| 21:17 | DS_Laura · wall_segment Palisade Wall x1 |
| 21:23 | DS_Laura · wall_segment Palisade Wall x1 |
| 21:26 | DS_Laura · wall_segment Palisade Wall x1 |
| 24:29 | DS_Laura · first_market_sell 100 wood |
| 25:18 | DS_Laura · first_building Stable |
| 27:12 | DS_Laura · age_up castle |
| 29:20 | Scruffles · resign |
[ AI ANALYSIS · 1 CREDIT ]
What really happened in this match?
Wolo.gg analyzes every decision: build order, eco, micro, common mistakes by bracket. Personalized analysis on WhatsApp or Discord in 30 seconds.
Civ guide
Vietnamese
Perfil
Jugador #543349